 Dungeon Crawl Stone Soup version 0.25.0-45-g978344163c (webtiles) character file.

Game seed: 12883456578999408459

338 Ethylacetat the Ruffian (level 6, -4/51 HPs)
             Began as a Naga Transmuter on July 11, 2020.
             Slain by an ogre
             ... wielding a +0 giant spiked club
              (33 damage)
             ... on level 4 of the Dungeon.
             The game lasted 00:09:01 (3889 turns).

Ethylacetat the Ruffian (Naga Transmuter)           Turns: 3889, Time: 00:09:01

Health: -4/51      AC:  3    Str: 15    XL:     6   Next: 55%
Magic:  10/10      EV:  9    Int: 13    God:
Gold:   263        SH:  5    Dex: 11    Spells: 10/11 levels left

rFire    . . .     SeeInvis +     - Unarmed
rCold    . . .     Gourm    .   o - +2 buckler
rNeg     . . .     Faith    .   b - +0 robe
rPois    +         Spirit   .   (no helmet)
rElec    .         Reflect  .   k - scarf {harm}
rCorr    .         Harm     +   (no gloves)
MR       .....                  (no barding)
Stlth    +.........             (no amulet)
HPRegen  0.17/turn              (no ring)
MPRegen  0.12/turn              (no ring)

@: short of breath, very slow
A: large, see invisible, deformed body, poison resistance, slowness 2, slow
metabolism 1, spit poison 1, AC +2
a: Spit Poison


You were on level 4 of the Dungeon.
You were not hungry.

You visited 1 branch of the dungeon, and saw 4 of its levels.

You collected 263 gold pieces.

Inventory:

Missiles
 a - 27 arrows
Armour
 b - a +0 robe (worn)
 k - a scarf of harm (worn)
 o - a +2 buckler (worn)
Scrolls
 f - 2 scrolls of remove curse {unknown}
 h - 2 scrolls of teleportation {unknown}
 j - 2 scrolls of amnesia {unknown}
 n - 2 scrolls of identify {unknown}
 p - a scroll of random uselessness {unknown}
Potions
 c - a potion of haste {unknown}
 e - a potion of brilliance {unknown}
 g - a potion of heal wounds {unknown}
 l - a potion of curing {unknown}
 m - a potion of ambrosia {unknown}
Comestibles
 d - 8 rations
 i - 3 chunks of flesh


   Skills:
 - Level 1.0 Fighting
 - Level 1.5 Dodging
 + Level 1.2 Shields
 * Level 4.9 Unarmed Combat
 + Level 3.1 Spellcasting
 * Level 4.3 Transmutations


You had 10 spell levels left.
You knew the following spells:

 Your Spells              Type           Power        Failure   Level  Hunger
a - Beastly Appendage     Tmut           ##....       4%          1    #......

Your spell library contained the following spells:

 Spells                   Type           Power        Failure   Level  Hunger
 Sticks to Snakes         Tmut           ##......     8%          2    ##.....
 Animate Skeleton         Necr           N/A          28%         1    #......
 Apportation              Tloc           #.....       28%         1    #......
 Corona                   Hex            #......      28%         1    #......
 Summon Small Mammal      Summ           #...         28%         1    #......
 Spider Form              Tmut/Pois      #.........   34%         3    ###....
 Ice Form                 Ice/Tmut       #.......     75%         4    #####..
 Blade Hands              Tmut           ##........   80%         5    ######.


Dungeon Overview and Level Annotations

Branches:
Dungeon (4/15)
 Temple: D:4-7

Altars:
Xom
Yredelemnul

Annotations:
D:3 2 transporters, Ethylacetat's ghost, amateur OpFE


Innate Abilities, Weirdness & Mutations

You cannot wear boots.
Your serpentine skin is tough. (AC +2)
You have supernaturally acute eyesight. (SInv)
Armour fits poorly on your strangely shaped body.
Your system is resistant to poisons. (rPois)
You cover ground very slowly.
You have a slow metabolism.
You can spit poison.


Message History

You feel slightly more hungry.
The ogre hits you with a +0 giant spiked club!
You hit the ogre but do no damage.
You have got your breath back.
You block the ogre's attack.
Some of the chunks of flesh in your inventory have rotted away.
You barely miss the ogre.
A frilled lizard comes into view.
Press: ? - help, Shift-Dir - straight line, f/p - ogre
Aim: an ogre, wielding a +0 giant spiked club The splash of poison hits the ogre!
The ogre is poisoned.
The ogre is moderately wounded.
You feel slightly more hungry.
The frilled lizard hisses angrily.
The ogre hits you with a +0 giant spiked club.
You closely miss the ogre.
The ogre is moderately wounded.
The ogre hits you with a +0 giant spiked club!!
Ouch! That really hurt!
You die...

.................#...
######.#.##.........
#.#.###....##.# #
#.#.# ##.#)##.#
#.######.#.# #.#.#...
.##.....##.#.#
#.......
...........#.#
###.#...
######.##.#.# #.##..
#@##.#.. #.##..
#O##.# #.##.. ......
#.##.. #.†##.# #..
#..##.# #.. #.l# .#
#.. #..# #.# #..#
.... ...#.


You could see an ogre (poisoned) and a frilled lizard.

Vanquished Creatures
  An ogre (D:4)
  A hound (D:4)
  3 orc wizards
  A hound skeleton (D:3)
  3 adders
  3 worms
  2 dart slugs (D:1)
  2 leopard geckos (D:2)
  5 orcs
  A ball python (D:2)
  2 giant cockroaches (D:1)
  6 goblins
  8 hobgoblins
  9 jackals (D:1)
  8 kobolds (D:1)
  10 bats
  5 frilled lizards
  11 rats
81 creatures vanquished.

Notes
Turn   | Place    | Note
-------+----------+-------------------------------------------
     0 | D:1      | Ethylacetat the Naga Transmuter began the quest for the
                  | Orb.
     0 | D:1      | Reached XP level 1. HP: 18/18 MP: 3/3
    65 | D:1      | Reached XP level 2. HP: 6/25 MP: 5/5
   395 | D:1      | Reached XP level 3. HP: 6/31 MP: 6/6
  1561 | D:2      | Found a shimmering altar of Xom.
  1573 | D:2      | Reached XP level 4. HP: 15/38 MP: 7/7
  2018 | D:2      | Found a basalt altar of Yredelemnul.
  2876 | D:3      | Found a transporter.
  2892 | D:3      | Found a transporter.
  2892 | D:3      | Noticed Ethylacetat's ghost (amateur OpFE)
  3189 | D:3      | Reached XP level 5. HP: 4/44 MP: 7/9
  3670 | D:4      | Noticed an ogre
  3677 | D:4      | Killed an ogre
  3677 | D:4      | Reached skill level 1 in Shields
  3677 | D:4      | Reached XP level 6. HP: 51/51 MP: 10/10
  3889 | D:4      | Slain by an ogre

Illustrated notes

Levels and vault maps discovered:
D:1:      scummos_arrival_forest, layout_loops_ring, minmay_misc_feat_x,
          minmay_vboxes
D:2:      cheibrodos_old_hovel, layout_basic, old_standard_altar, first_ration,
          brannock_xom_greatest_gift
D:3:      layout_rooms, gammafunk_ghost_mausoleum
D:4:      layout_loops_ring, minmay_temple_entry_slanted

Skill      XL: |  1  2  3  4  5 |
---------------+----------------+-----
Transmutations | 3 4 |  4.3
Unarmed Combat | 4 |  4.9
Shields        | 1 |  1.2
Spellcasting   | 3 |  3.1
Fighting       | |  1.0
Dodging        | |  1.5

Action                   |  1- 3 |  4- 6 || total
-------------------------+-------+-------++-------
Melee: Unarmed           |    87 |   108 ||   195
       Punch             |     3 |     1 ||     4
 Abil: Spit Poison       |    38 |    47 ||    85
  Eat: Chunk             |     3 |     9 ||    12
Armor: Robe              |    23 |    25 ||    48
Dodge: Dodged            |    48 |    70 ||   118
Block: Buckler           |       |     9 ||     9
